 Dungeon Crawl Stone Soup version 0.32-a0-841-g4648e6c457 (webtiles) character file.

Game seed: 13340842807859306523

80 Fodor the Shield-Bearer (level 4, -2/40 HPs)
             Began as a Minotaur Fighter on Mar 26, 2024.
             Slain by a steam dragon (8 damage)
             ... on level 4 of the Dungeon.
             The game lasted 00:03:30 (1264 turns).

Fodor the Shield-Bearer (Minotaur Fighter)          Turns: 1264, Time: 00:03:30

Health: -2/40      AC:  9    Str: 23    XL:     4   Next: 18%
Magic:  3/3        EV:  7    Int:  5    God:
Gold:   96         SH:  0    Dex:  9    Spells: 3/3 levels left

rFire   . . .        a - +0 war axe
rCold   . . .        c - +0 buckler
rNeg    . . .        g - +0 chain mail
rPois   .            (helmet restricted)
rElec   .            (no cloak)
rCorr   .            (no gloves)
SInv    .            (no boots)
Will    .....        (no amulet) Stlth
                     (no ring)
HPRegen 0.26/turn    (no ring)
MPRegen 0.08/turn

%: no passive effects
@: confused, ambrosia-drunk, attractive
A: horns 2, retaliatory headbutt
a: no special abilities


You were on level 4 of the Dungeon.
You visited 1 branch of the dungeon, and saw 3 of its levels.

You collected 96 gold pieces.

Inventory:

Hand Weapons
 a - a +0 war axe (weapon)
Armour
 c - a +0 buckler (worn)
 g - a +0 chain mail (worn)
 o - a +0 plate armour
Wands
 q - a wand of flame (19)
Scrolls
 f - a scroll of immolation {unknown}
 k - a scroll of identify {unknown}
 n - a scroll of butterflies {unknown}
 p - a scroll of teleportation {unknown}
 s - a scroll of acquirement {unknown}
Potions
 b - 2 potions of attraction
 d - a potion of might
 e - a potion of ambrosia
 h - a potion of mutation {unknown}
 i - a potion of magic {unknown}
 j - a potion of curing {unknown}
 l - a potion of berserk rage {unknown}
 m - a potion of cancellation {unknown}
 r - a potion of heal wounds {unknown}


   Skills:
 + Level 4.2 Fighting
 + Level 3.7 Axes
 + Level 4.2 Armour
 + Level 0.1 Dodging
 + Level 0.2 Stealth
 + Level 4.2 Shields


You had 3 spell levels left.
You didn't know any spells.
Your spell library contained the following spells:

 Spells                   Type           Power      Damage    Failure   Level
 Magic Dart               Conj           0%         1d3       98%         1
 Searing Ray              Conj           0%         2d4       99%         2
 Fulminant Prism          Conj/Alch      0%         3d5       100%        4


Dungeon Overview and Level Annotations

Branches:
Dungeon (2/15)

Altars:


Innate Abilities, Weirdness & Mutations

You have a pair of horns on your head.
You reflexively headbutt those who attack you in melee.


Message History

The steam dragon hisses angrily.
You block the steam dragon's attack. The steam dragon barely misses you.
There is an open door here.
You barely miss the steam dragon. You block the steam dragon's attack.
The steam dragon claws you but does no damage.
You barely miss the steam dragon. Your headbutt misses the steam dragon.
The steam dragon barely misses you. You furiously retaliate!
You headbutt the steam dragon!
The steam dragon claws you but does no damage.
You hit the steam dragon but do no damage.
Your headbutt misses the steam dragon.
The steam dragon is moderately wounded.
The steam dragon breathes steam at you. The ball of steam misses you.
The steam dragon bites you.
The steam dragon claws you but does no damage.
You barely miss the steam dragon.
The steam dragon is moderately wounded.
You are engulfed in a cloud of scalding steam.
The steam dragon breathes steam at you. The ball of steam hits you!
You hit the steam dragon but do no damage.
The steam dragon is moderately wounded.
You are engulfed in a cloud of scalding steam.
* * * LOW HITPOINT WARNING * * *
The steam dragon breathes steam at you. The ball of steam hits you!
* * * LOW HITPOINT WARNING * * *
Unknown command.
Unknown command.
Unknown command.
Unknown command.
It was a potion of attraction.
You feel attractive to monsters. You block the steam dragon's attack.
The steam dragon claws you but does no damage.
Unknown command.
It was a potion of ambrosia.
You are confused.
You feel invigorated. The steam dragon bites you!
You die...

#.........#
#.....#.........#
#.... #.........#
#...###.........##
#...#......###...#
#...#......#......
#...#......#......
#D..#......#....##
#@###......#....#.
#..)'......######.
#...#.............
#...#######.......
#.ยง.# +.......
#...# #...####
#.... #..## #.....
#..# #...... #..#


You could see a steam dragon (catching breath).

Vanquished Creatures
  Ijyb (D:4)
  2 ribbon worms (D:2)
  5 dart slugs
  4 bats
  6 endoplasms
  2 giant cockroaches (D:1)
  2 goblins (D:1)
  5 hobgoblins
  A quokka (D:2)
  5 ball pythons
  3 frilled lizards
  2 kobolds
  A rat (D:1)
39 creatures vanquished.

Notes
Turn   | Place    | Note
-------+----------+-------------------------------------------
     0 | D:1      | Fodor the Minotaur Fighter began the quest for the Orb.
     0 | D:1      | Reached XP level 1. HP: 19/19 MP: 0/0
   152 | D:1      | Reached XP level 2. HP: 20/27 MP: 1/1
   881 | D:2      | Reached XP level 3. HP: 26/33 MP: 2/2
  1172 | D:2      | You fall into a shaft and drop 2 floors!
  1177 | D:4      | Noticed Ijyb
  1181 | D:4      | Killed Ijyb
  1182 | D:4      | Reached XP level 4. HP: 36/40 MP: 3/3
  1256 | D:4      | Noticed a steam dragon
  1262 | D:4      | HP: 1/40 [steam dragon/ball of steam (7)]
  1264 | D:4      | Slain by a steam dragon

Illustrated notes

Levels and vault maps discovered:
D:1:      tarquinn_simple_flora_water_a, layout_loops_ring, minmay_liquid_box,
          kennysheep_doodads
D:2:      layout_basic, minmay_box_of_dots
D:4:      layout_gridville, nicolae_uskayaw_murder_on_the_dancefloor,
          minmay_small_thing, uniq_ijyb

Skill      XL: |  1  2 |
---------------+-------+-----
Shields        | 4 |  4.2
Armour         | 4 |  4.2
Axes           | 3 |  3.7
Fighting       | 4 |  4.2
Dodging        | |  0.1
Stealth        | |  0.2

Action                     |  1- 3 |  4- 6 || total
---------------------------+-------+-------++-------
  Melee: War axe           |    74 |     9 ||    83
         Headbutt          |    14 |       ||    14
    Use: Potion            |       |     2 ||     2
 Armour: Scale mail        |    28 |       ||    28
         Chain mail        |    52 |    11 ||    63
  Dodge: Dodged            |    33 |     4 ||    37
  Block: Buckler           |    18 |     5 ||    23

Table legend: (Time is in decaauts)
 A = Elapsed time spent in this place.
 B = Non-inter-level travel time spent in this place.
 C = Inter-level travel time spent in this place.
 D = Time resting spent in this place.
 E = Time spent auto-exploring this place.
 F = Levels seen in this place.
 G = Mean time per level.
                   A        B        C        D        E       F      G
               +--------+--------+--------+--------+--------+-----+--------+
         Total |   1295 |   1295 |      0 |      0 |    804 |   3 |  431.7 |
       Dungeon |   1295 |   1295 |      0 |      0 |    804 |   3 |  431.7 |
               +--------+--------+--------+--------+--------+-----+--------+

Top non-repeatable levels by time:
     D:1: 855 daAuts
     D:2: 343 daAuts
     D:4: 95 daAuts
